 Dungeon Crawl Stone Soup version 0.21-a0-552-g593960d (webtiles) character file.

76 polly the Chopper (level 4, 19/35 HPs)
             Began as a Demonspawn Berserker on Dec 18, 2017.
             Was a Believer of Trog.
             Quit the game on level 2 of the Dungeon.
             The game lasted 00:01:52 (1340 turns).

polly the Chopper (Demonspawn Berserker)            Turns: 1340, Time: 00:01:53

Health: 19/35      AC:  5    Str: 19    XL:     4   Next: 12%
Magic:  4/4        EV: 13    Int:  8    God:    Trog [**....]
Gold:   80         SH:  0    Dex: 15    Spells: 3/3 levels left

rFire    . . .     SeeInvis .   a - +0 hand axe
rCold    . . .     Gourm    .   (no shield)
rNeg     . . .     Faith    .   b - +0 animal skin
rPois    .         Spirit   .   (no helmet)
rElec    .         Reflect  .   (no cloak)
rCorr    .         Harm     .   k - +0 pair of gloves
MR       .....                  (no boots)
Stlth    +++.......             g - amulet of regeneration
HPRegen  0.51/turn              e - +3 ring of dexterity (curse)
MPRegen  0.09/turn              (no ring)

@: slowed, very slow
A: molten scales 1, nightstalker 1
a: Berserk, Trog's Hand, Burn Spellbooks, Renounce Religion


You were on level 2 of the Dungeon.
You worshipped Trog.
Trog was pleased with you.
You were not hungry.

You visited 1 branch of the dungeon, and saw 2 of its levels.

You collected 80 gold pieces.

Inventory:

Hand Weapons
 a - a +0 hand axe (weapon)
Armour
 b - a +0 animal skin (worn)
 k - a +0 pair of gloves (worn)
Jewellery
 e - a cursed +3 ring of dexterity (left hand)
 f - an uncursed amulet of the gourmand {unknown}
 g - an amulet of regeneration (around neck)
Scrolls
 h - a scroll of teleportation {unknown}
 m - a scroll of magic mapping {unknown}
 o - a scroll of fog {unknown}
Potions
 i - a potion of berserk rage {unknown}
 j - a potion of magic {unknown}
 n - a potion of brilliance {unknown}
Comestibles
 c - a bread ration
 d - a meat ration
 l - a royal jelly


   Skills:
 + Level 3.5 Fighting
 + Level 3.8 Axes
 + Level 1.8 Armour
 + Level 2.1 Dodging
 + Level 0.5 Stealth


You had 3 spell levels left.
You didn't know any spells.

Dungeon Overview and Level Annotations

Branches:
Dungeon (2/15)

Altars:


Innate Abilities, Weirdness & Mutations

You are partially covered in molten scales. (AC +2)
You are slightly more attuned to the shadows.


Message History

Natasha barely misses you.
You hit Natasha.
Natasha is severely wounded.
Natasha closely misses you. Natasha claws you.
You hit Natasha.
Natasha is almost dead.
Natasha stares at you and mumbles some strange words.
You resist with significant effort.
Natasha hisses.
Natasha claws you.
You hit Natasha.
You kill Natasha!
Trog accepts your kill.
Trog appreciates your killing of a magic user.
Natasha screams in pain as she dies!
You have reached level 4!
You feel stronger.
Your demonic ancestry asserts itself...
You slip into the darkness of the dungeon.
Unknown command.
Are you sure you want to abandon this character and quit the game? (Confirm with "yes".)

#.# # #.# # #.# # #.#
# #.# ####.###########
#+### .....#..)......#
....#
######.#######.##....#
.......# #.†..@....#
.###########.#.##....#
..........##.#..
....... ..........##
### #######
..........#
..........#
..........#
)###.###### †....#


There were no monsters in sight!

Vanquished Creatures
  Natasha (D:2)
  An ooze (D:1)
  A ball python (D:2)
  A giant cockroach (D:1)
  8 goblins
  4 hobgoblins (D:1)
  8 jackals
  4 bats
  5 frilled lizards
  6 kobolds
  A rat (D:1)
40 creatures vanquished.

Notes
Turn   | Place    | Note
-------+----------+-------------------------------------------
     0 | D:1      | polly the Demonspawn Berserker began the quest for the Orb.
     0 | D:1      | Reached XP level 1. HP: 18/18 MP: 1/1
    64 | D:1      | Gained mutation: You are partially covered in molten scales. (AC +2) [demonic ancestry]
    64 | D:1      | Reached XP level 2. HP: 4/24 MP: 2/2
   728 | D:1      | Reached XP level 3. HP: 29/29 MP: 3/3
  1106 | D:2      | Reached ** piety under Trog
  1330 | D:2      | Noticed Natasha
  1339 | D:2      | Killed Natasha
  1339 | D:2      | Gained mutation: You are slightly more attuned to the shadows. [demonic ancestry]
  1339 | D:2      | Reached XP level 4. HP: 18/35 MP: 4/4
  1340 | D:2      | Quit the game

Vault maps used:
D:1:      giann_wishing_wells
D:2:      uniq_sigmund, uniq_crazy_yiuf_cottage, uniq_natasha

Skill      XL: |  1  2  3 |
---------------+----------+-----
Axes           | 3 |  3.8
Dodging        | 2 |  2.1
Fighting       | |  3.5
Armour         | |  1.8
Stealth        | |  0.5

Action                   |  1- 3 |  4- 6 || total
-------------------------+-------+-------++-------
Melee: Hand axe          |   110 |       ||   110
Invok: Berserk           |     1 |       ||     1
 Stab: Sleeping          |     4 |       ||     4
  Eat: Chunk             |     2 |       ||     2
Armor: Animal skin       |    38 |       ||    38
Dodge: Dodged            |    72 |       ||    72

Table legend:
 A = Spawn XP
 B = Non-spawn XP
 C = Spawn XP percentage of total XP
 D = Spawn monster count
 E = Non-spawn monster count
 F = Spawn count percentage of total count
 G = Total turns spent on level
                    A         B        C        D         E        F      G
               +---------+---------+-------+---------+---------+-------+---------
         Total |       0 |     109 |   0.0 |       0 |      40 |   0.0 |  1340
               +---------+---------+-------+---------+---------+-------+---------
           D:1 |       0 |      49 |   0.0 |       0 |      26 |   0.0 |  1102
           D:2 |       0 |      60 |   0.0 |       0 |      14 |   0.0 |   238
               +---------+---------+-------+---------+---------+-------+---------
